 Dungeon Sprint DCSS version 0.27-a0-1347-gd8886f0a89 (webtiles) character file.

Game seed: 9621984757133330638

28643 mhtbhm the Archmage (level 13, -3/65 HPs)
             Began as a Deep Elf Earth Elementalist on June 27, 2021.
             Was the Champion of Vehumet.
             Slain by a nagaraja (25 damage)
             ... in the Dungeon (Sprint VII: "The Pits").
             The game lasted 00:10:10 (3684 turns).

mhtbhm the Archmage (Deep Elf Earth Elementalist)   Turns: 3684, Time: 00:10:11

Health: -3/65      AC:  3    Str:  5    XL:     13   Next: 10%
Magic:  12/46      EV: 16    Int: 29    God:    Vehumet [******]
Gold:   22         SH:  0    Dex: 15    Spells: 35/66 levels left

rFire    + . .     SeeInvis .   l - +2 quarterstaff (protect)
rCold    . . .     Faith    .   (shield currently unavailable)
rNeg     . . .     Spirit   .   b - +0 robe
rPois    .         Reflect  .   (no helmet)
rElec    .         Harm     .   (no cloak)
rCorr    .         Rampage  .   q - +0 pair of gloves
Will     +....     NoTele   +   (no boots)
Stlth    +++.......             (no amulet)
HPRegen  0.20/turn              m - +3 ring of intelligence
MPRegen  0.30/turn              x - ring of protection from fire

@: no status effects
A: no striking features
a: Renounce Religion


You were in the Dungeon.
You worshipped Vehumet.
Vehumet was exalted by your worship.
You visited 1 branch You collected 22 gold pieces.

Inventory:

Hand Weapons
 l - a +2 quarterstaff of protection (weapon)
Missiles
 i - 51 stones
 n - 7 silver javelins
 u - 5 silver boomerangs
Armour
 b - a +0 robe (worn)
 q - a +0 pair of gloves (worn)
Jewellery
 m - a +3 ring of intelligence (left hand)
 t - a ring of ice
 x - a ring of protection from fire (right hand)
Scrolls
 h - a scroll of blinking
 j - 5 scrolls of amnesia
 s - 3 scrolls of identify
 v - 4 scrolls of enchant armour
 w - 3 scrolls of fear
 y - a scroll of fog
 z - a scroll of summoning
Potions
 a - 2 potions of invisibility
 c - 9 potions of curing
 d - 10 potions of heal wounds
 e - 2 potions of haste
 f - 3 potions of magic
 g - 6 potions of berserk rage
 k - a potion of lignification
 o - 2 potions of resistance
 p - 2 potions of brilliance
 r - 2 potions of might


   Skills:
 + Level 1.6 Fighting
 + Level 7.7 Dodging
 + Level 6.3 Stealth
 O Level 27 Spellcasting
 + Level 2.7 Conjurations
 + Level 2.4 Transmutations
 + Level 23.7 Earth Magic


You had 35 spell levels left.
You knew the following spells:

 Your Spells              Type           Power      Damage    Failure   Level
a - Sandblast             Erth           100%       2d20      0%          1
b - Passwall              Tmut/Erth      71%        N/A       0%          2
c - Stone Arrow           Conj/Erth      100%       3d13      0%          3
d - Lee's Rapid Deconstr  Erth           54%        3d26*     0%          5
e - Petrify               Tmut/Erth      86%        N/A       1%          4
f - Bolt of Magma         Conj/Fire/Erth 37%        4d16      1%          5
g - Iron Shot             Conj/Erth      43%        9d8       1%          6
h - Fireball              Conj/Fire      23%        3d11      3%          5

Your spell library contained the following spells:

 Spells                   Type           Power      Damage    Failure   Level
 Lehudib's Crystal Spear  Conj/Erth      43%        10d10     5%          8


Dungeon Overview and Level Annotations

Branches:
Dungeon (1/1)

Altars:
Ashenzari
Cheibriados
Dithmenos
Elyvilon
Fedhas
Gozag
Hepliaklqana
Kikubaaqudgha
Makhleb
Nemelex Xobeh
Okawaru
Qazlal
Ru
Sif Muna
Trog
Uskayaw
Vehumet
Wu Jian
Xom
Yredelemnul
Zin
The Shining One
Beogh
Jiyva
Lugonu


Message History

A necromancer comes into view. It is wielding a +0 dagger.
Unknown command.
Casting: Lee's Rapid Deconstruction (safe; 0% risk of failure)
Confirm with . or Enter, or press ? or * to list all spells.
Aiming: Lee's Rapid Deconstruction (safe; 0% risk of failure)
Press: ? - help, Dir - move target A metal wall.
The metal wall shatters!
The blast of metal fragments hits the necromancer!!!
You kill the necromancer!
Vehumet accepts your kill.
You feel your power returning.
You hear a shout!
Unknown command.
Unknown command.
You start resting.
A nagaraja comes into view. It is wielding a staff of poison.
Unknown command.
Casting: Lee's Rapid Deconstruction (safe; 0% risk of failure)
Confirm with . or Enter, or press ? or * to list all spells.
Aiming: Lee's Rapid Deconstruction (safe; 0% risk of failure)
Press: ? - help, Dir - move target A metal wall.
The metal wall shatters!
The blast of metal fragments hits the nagaraja!!!
The nagaraja is heavily wounded.
You hear an angry buzzing noise.
You hear a deafening roar!
You hear a shout! x3
You hear two shouts!
Unknown command.
Casting: Lee's Rapid Deconstruction (safe; 0% risk of failure)
Confirm with . or Enter, or press ? or * to list all spells.
Aiming: Lee's Rapid Deconstruction (safe; 0% risk of failure)
Press: ? - help, Dir - move target A metal wall.
The metal wall shatters!
The blast of metal fragments hits the nagaraja!!
The nagaraja is severely wounded.
The nagaraja hits you with a staff of poison!
The nagaraja envenoms you!!
You die...

####################..#....#..#
..................''..........#
..................''..........#
################..##..#....#..# #
#.# #..##..........+ #
#†##..##..........+ #
#)#..####''####''# #
#N..####''####''### #
#@.##...)..##.....
################..##.#)##.##.....
..................##.#))+.##..###
..................##.+..#.##..#
#######++###########.#[[+.##..#
#######++###########.+|)#.##..#
..............##..##.##'#.##..#
....#..#......##..##......##..#
..............''..##########..#


You could see a nagaraja.

Vanquished Creatures
  An acid blob (D)
  A sphinx (D)
  A fire giant (D)
  A vampire knight (D)
  2 minotaurs (D)
  A blizzard demon (D)
  2 great orbs of eyes (D)
  A naga warrior (D)
  A catoblepas (D)
  A two-headed ogre (D)
  A death knight (D)
  An alligator (D)
  An ogre mage (D)
  A sun demon (D)
  2 shadow wraiths (D)
  A sea snake (D)
  A lindwurm (D)
  4 bog bodies (D)
  A wizard (D)
  2 phantasmal warriors (D)
  A necromancer (D)
  An ugly thing (D)
  A manticore (D)
  A cyclops (D)
  An elephant (D)
  A rust devil (D)
  A smoke demon (D)
  A gargoyle (D)
  2 rime drakes (D)
  An orange demon (D)
  An ice devil (D)
  An efreet (D)
  A wind drake (D)
  A troll (D)
  A polar bear (D)
  2 tyrant leeches (D)
  7 blink frogs (D)
  2 snapping turtles (D)
  A tarantella (D)
  2 redbacks (D)
  A fire bat (D)
  A wraith (D)
  A basilisk (D)
  A human (shapeshifter) (D)
  A steam dragon (D)
  A warg (D)
  2 nagas (D)
  A water moccasin (D)
  4 floating eyes (D)
  A necrophage (D)
  A wolf (D)
  A phantom (D)
  A bullfrog (D)
  2 scorpions (D)
  A killer bee (D)
  A jelly (D)
  2 gnoll shamans (D)
  2 hounds (D)
  8 gnolls (D)
  A river rat (D)
  2 ufetubi (D)
  A worm (D)
  An endoplasm (D)
  3 giant cockroaches (D)
  A hobgoblin (D)
  2 frilled lizards (D)
  A jackal skeleton (D)
  A rat (D)
103 creatures vanquished.

Notes
Turn   | Place    | Note
-------+----------+-------------------------------------------
     0 | D        | mhtbhm the Deep Elf Earth Elementalist began the quest for
                  | the Orb.
     0 | D        | Reached XP level 1. HP: 10/10 MP: 6/6
    33 | D        | Found a bloodstained altar of Trog.
    33 | D        | Found a shimmering blue altar of Sif Muna.
    33 | D        | Found a viscous altar of Jiyva.
    33 | D        | Found a hazy altar of Hepliaklqana.
    33 | D        | Found an opulent altar of Gozag.
    34 | D        | Found a glowing golden altar of the Shining One.
    34 | D        | Found a glowing silver altar of Zin.
    34 | D        | Found a basalt altar of Yredelemnul.
    34 | D        | Found a shimmering altar of Xom.
    34 | D        | Found an ornate altar of the Wu Jian Council.
    34 | D        | Found a sacrificial altar of Ru.
    34 | D        | Found a stormy altar of Qazlal.
    34 | D        | Found an iron altar of Okawaru.
    34 | D        | Found a sparkling altar of Nemelex Xobeh.
    34 | D        | Found a burning altar of Makhleb.
    34 | D        | Found a blossoming altar of Fedhas.
    34 | D        | Found a white marble altar of Elyvilon.
    34 | D        | Found a shadowy altar of Dithmenos.
    34 | D        | Found a snail-covered altar of Cheibriados.
    36 | D        | Found a radiant altar of Vehumet.
    36 | D        | Found a corrupted altar of Lugonu.
    37 | D        | Found a hide-covered altar of Uskayaw.
    37 | D        | Found an ancient bone altar of Kikubaaqudgha.
    37 | D        | Found a broken altar of Ashenzari.
    44 | D        | Became a worshipper of Vehumet
   128 | D        | Noticed a floating eye
   129 | D        | Reached * piety under Vehumet
   129 | D        | Offered knowledge of Shock by Vehumet.
   130 | D        | Reached XP level 2. HP: 15/15 MP: 6/8
   130 | D        | Killed a floating eye
   131 | D        | Reached skill level 6 in Spellcasting
   131 | D        | Reached XP level 3. HP: 19/19 MP: 8/12
   131 | D        | Reached XP level 4. HP: 24/24 MP: 9/14
   180 | D        | Noticed a scorpion
   190 | D        | Learned a level 2 spell: Passwall
   194 | D        | Learned a level 3 spell: Stone Arrow
   197 | D        | Killed a scorpion
   197 | D        | Reached ** piety under Vehumet
   198 | D        | Reached skill level 7 in Spellcasting
   198 | D        | Reached XP level 5. HP: 11/28 MP: 7/17
   385 | D        | Offered knowledge of Poisonous Vapours by Vehumet.
   404 | D        | Learned a level 5 spell: Lee's Rapid Deconstruction
   409 | D        | Learned a level 4 spell: Petrify
   410 | D        | Noticed a water moccasin
   413 | D        | Killed a water moccasin
   414 | D        | Reached skill level 5 in Dodging
   414 | D        | Reached skill level 8 in Spellcasting
   414 | D        | Reached skill level 1 in Conjurations
   414 | D        | Reached skill level 10 in Earth Magic
   414 | D        | Reached XP level 6. HP: 23/33 MP: 8/19
   653 | D        | Offered knowledge of Mephitic Cloud by Vehumet.
   653 | D        | Reached *** piety under Vehumet
   653 | D        | Noticed a floating eye
   654 | D        | Reached skill level 9 in Spellcasting
   655 | D        | Killed a floating eye
   655 | D        | Reached **** piety under Vehumet
   656 | D        | Reached skill level 5 in Stealth
   656 | D        | Reached skill level 10 in Spellcasting
   656 | D        | Reached XP level 7. HP: 37/37 MP: 17/23
   660 | D        | Reached skill level 11 in Spellcasting
   665 | D        | Reached ***** piety under Vehumet
   769 | D        | Reached skill level 1 in Fighting
   785 | D        | Noticed a snapping turtle
   799 | D        | Killed a snapping turtle
   800 | D        | Reached skill level 12 in Spellcasting
   981 | D        | Offered knowledge of Iskenderun's Mystic Blast by Vehumet.
  1000 | D        | Noticed an efreet
  1000 | D        | Noticed a wraith
  1002 | D        | Killed a wraith
  1003 | D        | Reached skill level 13 in Spellcasting
  1003 | D        | Reached XP level 8. HP: 43/43 MP: 22/27
  1009 | D        | Killed an efreet
  1010 | D        | Reached skill level 14 in Spellcasting
  1259 | D        | Noticed a two-headed ogre
  1263 | D        | Reached ****** piety under Vehumet
  1263 | D        | Offered knowledge of Conjure Flame by Vehumet.
  1264 | D        | Killed a two-headed ogre
  1265 | D        | Reached skill level 16 in Spellcasting
  1265 | D        | Reached skill level 15 in Earth Magic
  1265 | D        | Reached XP level 9. HP: 47/47 MP: 13/31
  1354 | D        | Noticed a death knight
  1354 | D        | Noticed a bog body
  1356 | D        | Killed a bog body
  1357 | D        | Reached skill level 17 in Spellcasting
  1361 | D        | Noticed a bog body
  1362 | D        | Killed a bog body
  1372 | D        | Killed a death knight
  1373 | D        | Reached skill level 18 in Spellcasting
  1549 | D        | Noticed a cyclops
  1552 | D        | Killed a cyclops
  1552 | D        | Offered knowledge of Bolt of Magma by Vehumet.
  1552 | D        | Killed a wizard
  1553 | D        | Reached skill level 19 in Spellcasting
  1553 | D        | Reached XP level 10. HP: 52/52 MP: 27/35
  1636 | D        | Noticed a bog body
  1638 | D        | Killed a bog body
  1639 | D        | Reached skill level 20 in Spellcasting
  1843 | D        | Learned a level 5 spell: Bolt of Magma
  1919 | D        | Noticed a manticore
  1921 | D        | Killed a manticore
  1968 | D        | Noticed an orange demon
  1968 | D        | Noticed an elephant
  1980 | D        | Killed an orange demon
  1981 | D        | Reached skill level 21 in Spellcasting
  1989 | D        | Killed an elephant
  2137 | D        | Offered knowledge of Yara's Violent Unravelling by Vehumet.
  2137 | D        | Noticed a sea snake
  2137 | D        | Noticed an alligator
  2138 | D        | Reached XP level 11. HP: 56/56 MP: 34/38
  2144 | D        | Killed a sea snake
  2151 | D        | Killed an alligator
  2152 | D        | Reached skill level 22 in Spellcasting
  2240 | D        | Killed a shadow wraith
  2418 | D        | Offered knowledge of Eringya's Noxious Bog by Vehumet.
  2419 | D        | Noticed a blizzard demon
  2421 | D        | Reached skill level 23 in Spellcasting
  2421 | D        | Killed a blizzard demon
  2780 | D        | Noticed a green ugly thing
  2780 | D        | Noticed a phantasmal warrior
  2781 | D        | Killed a shadow wraith
  2781 | D        | Killed a phantasmal warrior
  2782 | D        | Killed a green ugly thing
  2782 | D        | Offered knowledge of Iron Shot by Vehumet.
  2890 | D        | Learned a level 6 spell: Iron Shot
  2898 | D        | Noticed a catoblepas
  2898 | D        | Noticed a phantasmal warrior
  2898 | D        | Noticed a bog body
  2904 | D        | Reached skill level 24 in Spellcasting
  2906 | D        | Killed a phantasmal warrior
  2914 | D        | Killed a catoblepas
  2914 | D        | Offered knowledge of Lightning Bolt by Vehumet.
  2923 | D        | Killed a bog body
  2924 | D        | Reached XP level 12. HP: 41/60 MP: 22/42
  3238 | D        | Noticed a naga warrior
  3238 | D        | Noticed a minotaur
  3238 | D        | Noticed a great orb of eyes
  3240 | D        | Noticed a fire giant
  3242 | D        | Reached skill level 25 in Spellcasting
  3242 | D        | Killed a fire giant
  3242 | D        | Noticed a vampire knight
  3244 | D        | Killed a minotaur
  3245 | D        | Killed a naga warrior
  3245 | D        | Offered knowledge of Fireball by Vehumet.
  3246 | D        | Killed a vampire knight
  3246 | D        | Killed a great orb of eyes
  3247 | D        | Reached skill level 26 in Spellcasting
  3564 | D        | Learned a level 5 spell: Fireball
  3664 | D        | Noticed a great orb of eyes
  3664 | D        | Noticed an ogre mage
  3665 | D        | Found the +10 zealot's sword {holy, *Rage rN+ EV+3}
  3665 | D        | Killed an ogre mage
  3666 | D        | Killed a great orb of eyes
  3668 | D        | Noticed a minotaur
  3670 | D        | Noticed a sphinx
  3670 | D        | Noticed an acid blob
  3676 | D        | Killed an acid blob
  3676 | D        | Offered knowledge of Lehudib's Crystal Spear by Vehumet.
  3677 | D        | Reached skill level 27 in Spellcasting
  3678 | D        | Killed a sphinx
  3678 | D        | Killed a minotaur
  3679 | D        | Reached XP level 13. HP: 38/65 MP: 26/46
  3682 | D        | Noticed a nagaraja
  3684 | D        | Slain by a nagaraja

Illustrated notes

Levels and vault maps discovered:
D:        pitsprint [storerooms_1, entrance_room_1, metal_vault_1, armoury_1,
          mini_pit_1, grid_room_1, main_hall_1, silver_pit, the_coven_1,
          the_vestibule_1, steel_vault_1, golden_pit, hallway_of_sentries,
          crystal_vault_3, iron_vault_2, final_vault]

Skill      XL: |  1  2  3  4  5  6  7  8  9 10 11 12 |
---------------+-------------------------------------+-----
Earth Magic    | 4 8 9 10 12 13 15 17 18 20 23 | 23.7
Dodging        | 4 5 6 7 |  7.7
Stealth        | 3 4 5 6 |  6.3
Spellcasting   | 6 7 8 10 13 16 19 21 24 27 | 27.0
Conjurations   | 1 2 |  2.7
Fighting       | 1 |  1.6
Transmutations | 2 |  2.4

Action                   |  1- 3 |  4- 6 |  7- 9 | 10-12 | 13-15 || total
-------------------------+-------+-------+-------+-------+-------++-------
 Cast: Sandblast         |     6 |     2 |     2 |       |       ||    10
       Stone Arrow       |       |     2 |       |     1 |       ||     3
       Lee's Rapid Decon |       |     3 |    30 |    68 |     4 ||   105
       Petrify           |       |       |     1 |     1 |       ||     2
       Iron Shot         |       |       |       |     1 |       ||     1
  Use: Potion            |       |       |     1 |     5 |       ||     6
       Scroll            |       |       |     1 |     1 |       ||     2
Armor: Robe              |       |       |     1 |     3 |       ||     4
Dodge: Dodged            |       |       |     5 |    14 |       ||    19

Table legend: (Time is in decaauts)
 A = Elapsed time spent in this place.
 B = Non-inter-level travel time spent in this place.
 C = Inter-level travel time spent in this place.
 D = Time resting spent in this place.
 E = Time spent auto-exploring this place.
 F = Levels seen in this place.
 G = Mean time per level.
                   A        B        C        D        E       F      G
               +--------+--------+--------+--------+--------+-----+--------+
         Total |   3681 |   3681 |      0 |   2522 |     39 |   1 | 3681.0 |
       Dungeon |   3681 |   3681 |      0 |   2522 |     39 |   1 | 3681.0 |
               +--------+--------+--------+--------+--------+-----+--------+

Top non-repeatable levels by time:
       D: 3681 daAuts
